AoeStats
← Focanegra11

Lombardia

509503058Analyzed
2v2 RM · 6d ago on Sep 27, 2026· 47m 57s· 4 players
Game mode
Random Map
Map size
Medium (4 player)
Population
200
Speed
Normal
Resources
Standard
Victory
Conquest
Starting age
Dark Age
Ending age
Imperial Age
RankedLock teamsTeams togetherTeam positionsShared explorationLock speedFull tech treeHidden civsTurbo modeCheats
Victory
Defeat
🇲🇽 Magyars · Mexico
1078
+15
🇦🇺 Vikings · Australia
1025
+17
🇺🇾 Lithuanians · Uruguay
1088
-17
🇺🇾 Celts · Uruguay
1022
-15
Focanegra11
10:01 Feudal Age
10:40 Double-Bit Axe
10:43 Horse Collar
16:43 Castle Age
14:49 Gold Mining
16:52 Scale Barding Armor
17:01 Loom
17:54 Husbandry
18:57 Bloodlines
21:05 Forging
21:33 Wheelbarrow
23:01 Heavy Plow
26:46 Hand Cart
29:28 Imperial Age
27:05 Stone Mining
29:29 Chain Barding Armor
30:00 Bow Saw
30:27 Iron Casting
31:27 Chemistry
30:02 Cavalier
32:26 Crop Rotation
33:34 Ballistics
32:45 Light Cavalry
33:55 Caravan
34:08 Winged Hussar
34:42 Fletching
34:19 Elite Skirmisher
36:30 Conscription
36:49 Thumb Ring
37:25 Plate Barding Armor
38:21 Bodkin Arrow
38:38 Tower Shields
40:07 Bracer
41:00 Padded Archer Armor
41:01 Town Watch
41:04 Paladin
47:06 Leather Archer Armor
NarcoTeletubie
9:26 Loom
11:45 Feudal Age
12:16 Double-Bit Axe
12:14 Horse Collar
14:16 Gold Mining
18:21 Wheelbarrow
18:33 Wheelbarrow
19:32 Stone Mining
24:47 Castle Age
23:24 Scale Mail Armor
26:01 Caravan
26:34 Coinage
27:14 Gold Shaft Mining
27:14 Stone Shaft Mining
26:50 Bow Saw
28:31 Heavy Plow
30:02 Stone Shaft Mining
31:14 Chain Mail Armor
31:10 Forging
31:36 Arson
31:12 Pikeman
32:21 Hand Cart
36:51 Imperial Age
35:43 Iron Casting
36:08 Ballistics
36:44 Murder Holes
36:18 Man-at-Arms
36:43 Gambesons
37:04 Halberdier
39:05 Chemistry
38:43 Heavy Scorpion
41:01 Furor Celtica
42:30 Siege Engineers
45:50 Banking
adalbert01997
11:18 Feudal Age
16:38 Castle Age
15:36 Double-Bit Axe
15:34 Horse Collar
16:20 Loom
24:01 Wheelbarrow
26:46 Hand Cart
28:11 Ballistics
27:46 Fletching
28:35 Bloodlines
28:26 Husbandry
28:33 Town Watch
29:02 Scale Barding Armor
30:16 Gold Mining
30:33 Town Patrol
31:16 Bodkin Arrow
36:54 Imperial Age
34:52 Chain Barding Armor
34:33 Padded Archer Armor
35:06 Corvinian Army
35:17 Heavy Plow
35:31 Bow Saw
35:59 Gold Shaft Mining
37:59 Thumb Ring
38:22 Parthian Tactics
37:19 Heavy Cavalry Archer
38:03 Recurve Bow
38:28 Conscription
37:53 Elite Magyar Huszar
42:27 Chemistry
44:41 Bracer
44:57 Leather Archer Armor
Angusjack
11:30 Feudal Age
13:55 Double-Bit Axe
18:48 Castle Age
18:37 Horse Collar
21:36 Stone Mining
22:09 Gold Mining
22:32 Heavy Plow
22:44 Bow Saw
22:46 Pikeman
23:22 Town Watch
27:29 Squires
31:47 Imperial Age
30:31 Scale Mail Armor
30:42 Forging
32:08 Fletching
32:19 Padded Archer Armor
31:51 Crossbowman
32:54 Conscription
34:06 Chemistry
33:31 Arbalester
34:09 Bodkin Arrow
34:51 Iron Casting
36:00 Two-Man Saw
35:45 Crop Rotation
35:27 Bracer
36:19 Ballistics
35:50 Arson
36:19 Bogsveigar
37:06 Gold Shaft Mining
37:17 Chieftains
36:49 Elite Skirmisher
37:09 Capped Ram
39:07 Blast Furnace
38:23 Chain Mail Armor
38:24 Leather Archer Armor
38:53 Elite Varangian Guard
40:43 Siege Engineers
42:11 Plate Mail Armor
42:12 Ring Archer Armor
43:32 Masonry
Connection lost

Rejoining the realm…

Still unreachable

The connection could not be restored.

Session expired

The server has moved on; the page needs a fresh start.